 Dungeon Crawl Stone Soup version 0.21.1-1-g345015fe64 (webtiles) character file.

263468 KamiKatze the Executioner (level 19, -5/181 HPs)
             Began as a Minotaur Berserker on July 17, 2018.
             Was the Champion of Trog.
             Slain by a frost giant
             ... wielding a +1 battleaxe of freezing
              (11 damage)
             ... on level 3 of the Vaults on July 18, 2018.
             The game lasted 03:17:14 (38450 turns).

KamiKatze the Executioner (Minotaur Berserker)     Turns: 38450, Time: 03:17:15

Health: -5/181     AC: 29    Str: 33    XL:     19   Next: 63%
Magic:  18/18      EV: 16    Int:  4    God:    Trog [******]
Gold:   3264       SH:  0    Dex: 10    Spells: 18/18 levels left

rFire    + . .     SeeInvis +   a - +5 executioner's axe "Dengoss" {flame, +Rage rN+ MR+ Stlth-}
rCold    . . .     Gourm    .   (shield currently unavailable)
rNeg     + . .     Faith    .   G - +0 plate armour
rPois    +         Spirit   .   Q - +0 hat
rElec    .         Reflect  .   q - +2 cloak
rCorr    .         Harm     .   h - +2 pair of gloves {Str+3}
MR       ++++.                  F - +2 pair of boots
Stlth    ..........             (no amulet)
HPRegen  1.40/turn              g - ring of poison resistance
MPRegen  0.16/turn              p - ring "Ibiotz" {Wiz rF+ SInv}

@: about to teleport, berserk cooldown, very slightly contaminated, regenerating
A: retaliatory headbutt, horns 2
}: 1/15 runes: serpentine
a: Berserk, Trog's Hand, Brothers in Arms, Burn Spellbooks, Renounce Religion,
Evoke Berserk Rage


You were on level 3 of the Vaults.
You worshipped Trog.
Trog was exalted by your worship.
You were near starving.

You visited 6 branches of the dungeon, and saw 31 of its levels.
You also visited: Labyrinth, Sewer, Ice Cave and Volcano.

You collected 4059 gold pieces.
You spent 795 gold pieces at shops.

Inventory:

Hand Weapons
 a - the +5 executioner's axe "Dengoss" (weapon) {flame, +Rage rN+ MR+ Stlth-}
   (Trog gifted it to you on level 1 of the Orcish Mines)

   It has been specially enchanted to burn those struck by it, causing extra
   injury to most foes and up to half again as much damage against particularly
   susceptible opponents.
   Big, fiery blades are also staple armaments of hydra-hunters.
   It protects you from negative energy.
   It affects your resistance to hostile enchantments.
   It lets you go berserk.
   It makes you less stealthy.
 b - a +6 executioner's axe of chopping
 v - the +5 flail "Gifysk" {freeze, rC+ Int+4 Dex+2}
   (You found it on level 1 of the Vaults)

   It has been specially enchanted to freeze those struck by it, causing extra
   injury to most foes and up to half again as much damage against particularly
   susceptible opponents.
   It can also slow down cold-blooded creatures.
   It affects your intelligence (+4).
   It affects your dexterity (+2).
   It protects you from cold.
 w - a +4 antimagic battleaxe
 R - a +0 executioner's axe of venom
Missiles
 f - 6 javelins of penetration (quivered)
 t - 2 throwing nets
 P - 7 javelins
Armour
 h - a +2 pair of gloves of strength (worn)
 q - a +2 cloak (worn)
 F - a +2 pair of boots (worn)
 G - a +0 plate armour (worn)
 Q - a +0 hat (worn)
Jewellery
 g - a ring of poison resistance (left hand)
 n - an uncursed ring of protection from magic
 p - the ring "Ibiotz" (right hand) {Wiz rF+ SInv}
   (You found it on level 6 of the Lair of Beasts)

   [ring of wizardry]

   It improves your spell success rate.
   It protects you from fire.
   It lets you see invisible.
 I - an uncursed ring of positive energy
 O - an uncursed ring of resist corrosion
Wands
 l - a wand of iceblast (17)
 u - a wand of flame (92)
 y - a wand of clouds (10)
 K - a wand of acid (40)
Scrolls
 e - 3 scrolls of magic mapping
 i - 5 scrolls of fog
 j - 6 scrolls of fear
 s - 9 scrolls of remove curse
 A - 7 scrolls of teleportation
 H - 2 scrolls of identify
 L - a scroll of holy word
 M - a scroll of enchant weapon
 N - a scroll of immolation
Potions
 d - 2 potions of agility
 k - 7 potions of flight
 x - a potion of invisibility
 z - 5 potions of might
 B - 7 potions of lignification
 C - 4 potions of haste
 D - a potion of cancellation
 E - 11 potions of curing
 J - 5 potions of resistance
Comestibles
 c - 61 rations
 o - 5 chunks of flesh


   Skills:
 + Level 18.7 Fighting
 * Level 24.6 Axes
 + Level 18.6 Armour
 + Level 17.2 Dodging


You had 18 spell levels left.
You didn't know any spells.

Dungeon Overview and Level Annotations

Branches:
Dungeon (15/15)            Temple (1/1) D:4            Lair (6/6) D:9
 Shoals (0/4) Lair:2        Snake (4/4) Lair:3        Slime (0/5) Lair:6
    Orc (2/2) D:11            Elf (0/3) Orc:2        Vaults (3/5) D:13
  Crypt (0/3) Vaults:3     Depths (0/5) D:15

Altars:
Ashenzari
Cheibriados
Dithmenos
Elyvilon
Fedhas
Gozag
Hepliaklqana
Kikubaaqudgha
Makhleb
Nemelex Xobeh
Okawaru
Qazlal
Ru
Sif Muna
Trog
Uskayaw
Vehumet
Wu Jian
Xom
Yredelemnul
Zin
The Shining One
Beogh

Shops:
D:6 *   Orc:1 ?   Orc:2 (}?[   Vaults:1 }

Annotations:
Orc:2 2 runed doors, exclusion: orange crystal statue


Innate Abilities, Weirdness & Mutations

You reflexively headbutt those who attack you in melee.
You have a pair of horns on your head.


Message History

You resist with almost no effort.
Found a bolt.
As you read the scroll of teleportation, it crumbles to dust.
You feel strangely unstable.
Your troll bites the frost giant!!
Your troll claws the frost giant!
Your troll claws the frost giant.
The wolf spider hits you!
* * * LOW HITPOINT WARNING * * *
The wolf spider bites you but does no damage.
Your deep troll bites the yaktaur captain!
Your deep troll claws the yaktaur captain!!
Your deep troll claws the yaktaur captain.
Your troll bites the frost giant!
Your troll claws the frost giant!
Your troll claws the frost giant!!
The yaktaur hits you but does no damage.
The frost giant hits your troll with a battleaxe of freezing!!
The frost giant freezes your troll!
Your troll dies!
Your troll's corpse disappears in a puff of smoke!
The frost giant hits you with a battleaxe of freezing!
You die...

....# ....# ....#
....### #++# ##
....+.## #..#. #.#
....#..## .+..+. #..#
....##..##+#cc#+##..#
....##).'ccc##T.)'.(#
....##..'(OO##§c@s..#
....##.=##'#cO#C##..#
....#..##..+..c.. ..#
....#.##...#..#...#
.#
....###...##++##... #
....##...# ..
....##..# . ....####
.(..#


You could see a frost giant (unaware), 2 yaktaur captains, a wolf spider, a
two-headed ogre, 3 yaktaurs and a friendly deep troll (berserk).

Vanquished Creatures
  Rupert (Lair:3)
  Frances (D:13)
  Kirke (Lair:5)
  A sphinx (Vaults:3)
  Gastronok (Lair:3)
  4 vault wardens
  7 nagarajas
  3 orc warlords
  A frost giant (Vaults:3)
  3 very ugly things (Vaults:3)
  A war gargoyle (Vaults:2)
  7 ironheart preservers
  The ghost of LittCuttTap the Severer, a journeyman MiBe of Trog (D:14)
  3 stone giants
  A deep elf annihilator (Vaults:3)
  3 deep elf death magi
  3 fire dragons
  Fannar (Lair:3)
  A minotaur (Lab)
  A fire dragon (shapeshifter) (D:15)
  The ghost of Gunterle the Carver, a journeyman OpFi of Dithmenos (D:14)
  Josephine (Orc:2)
  Erolcha (D:12)
  5 yaktaur captains
  4 vault guards (D:13)
  A catoblepas (Lair:4)
  8 ogre magi
  The ghost of Naridas the Protected, a journeyman FoFi of Qazlal (D:11)
  13 naga warriors
  3 centaur warriors
  2 ice dragons (Vaults:1)
  11 hydras
  14 anacondas
  A death knight (D:15)
  2 deep troll earth magi (Vaults:2)
  28 two-headed ogres
  A deep troll shaman (Vaults:2)
  Urug (Lair:3)
  A death yak (Lair:6)
  A tengu warrior (D:15)
  A queen ant (Lair:2)
  20 naga sharpshooters
  12 spriggans (Lair:6)
  Nergalle (Lair:3)
  An orc high priest (Orc:1)
  12 shock serpents
  3 deep elf knights
  A shadow wraith (Vaults:1)
  15 skeletal warriors
  2 salamander mystics (Snake:4)
  2 unseen horrors (Vaults:1)
  5 naga ritualists
  2 wizards
  A glowing orange brain (Vaults:2)
  7 deep trolls
  3 harpies (Vaults:3)
  The ghost of 3rdEnemy the Covert, a novice KoHu (D:6)
  A phantasmal warrior (D:15)
  11 orc knights
  2 harpies (shapeshifter)
  10 ironbrand convokers
  3 mana vipers
  7 deep elf magi
  4 deep elf archers
  34 ugly things
  3 orc sorcerers
  9 salamanders
  9 cyclopes
  34 black mambas
  5 elephants (Lair:5)
  3 manticores
  2 centaur zombies
  The ghost of Htamos the Conjurer, a novice OpWz of Sif Muna (D:5)
  6 vault sentinels
  19 naga magi
  3 guardian serpents
  A gargoyle (D:13)
  6 torpor snails
  7 spiny frogs
  An ice statue (IceCv)
  A komodo dragon (shapeshifter) (Vaults:2)
  8 rime drakes
  3 freezing wraiths
  A kobold demonologist (D:14)
  An efreet (D:15)
  6 komodo dragons
  18 yaktaurs
  A tengu conjurer (D:13)
  18 trolls
  A jumping spider (shapeshifter) (Vaults:1)
  A wind drake (shapeshifter) (Vaults:2)
  A queen bee (Lair:1)
  A hornet (shapeshifter) (Vaults:1)
  10 polar bears
  19 hippogriffs
  A raiju (shapeshifter) (Vaults:1)
  5 dream sheep
  5 blink frogs
  26 slime creatures
  7 hornets
  A stone giant simulacrum (Vaults:2)
  A tarantella (shapeshifter) (Vaults:1)
  3 shadows
  11 wyverns
  9 wraiths
  55 yaks
  5 hogs
  5 fire bats (Volcano)
  A human (shapeshifter) (D:14)
  A yak (shapeshifter) (Vaults:2)
  4 basilisks (D:15)
  A steam dragon (D:8)
  2 hungry ghosts
  12 vampire mosquitoes
  5 wargs
  55 nagas
  2 acid dragons
  14 soldier ants (Lair:2)
  10 water moccasins
  A hell hound (D:15)
  16 porcupines
  Purgy (Sewer)
  12 black bears
  A swamp drake (D:11)
  39 orc warriors
  9 ice beasts
  3 sky beasts
  2 phantoms
  3 eyes of draining
  A necrophage (D:9)
  An ogre (shapeshifter) (D:15)
  A boggart (shapeshifter) (D:15)
  44 ogres
  7 boggarts
  19 centaurs
  26 wolves
  17 crocodiles
  A wyvern zombie (D:10)
  5 big kobolds (D:10)
  15 bullfrogs
  A wyvern skeleton (D:9)
  6 scorpions
  26 killer bees
  4 wights (D:8)
  An electric eel (Lair:6)
  7 howler monkeys (D:9)
  2 bullfrog zombies
  6 crimson imps
  A human simulacrum (Vaults:2)
  2 quasits
  A gnoll shaman (D:7)
  7 hounds
  4 jellies
  5 centaur skeletons
  27 orc priests
  2 bullfrog skeletons
  An iron imp (D:5)
  Jessica (D:2)
  6 iguanas
  30 orc wizards
  31 worker ants
  2 hound skeletons
  2 worker ant zombies
  8 gnolls
  20 adders
  A howler monkey skeleton (D:4)
  2 shadow imps
  9 white imps
  4 ufetubi
  An ooze (D:5)
  6 adder skeletons
  3 adder zombies
  4 worms
  3 dart slugs
  15 leopard geckos
  89 orcs
  4 ball pythons
  8 giant cockroaches
  4 goblins
  4 hobgoblins
  12 jackals
  21 kobolds
  4 quokkas
  A ball python zombie (D:5)
  7 bats
  11 frilled lizards
  2 goblin skeletons (D:5)
  A goblin zombie (D:5)
  A jackal zombie (D:5)
  A kobold skeleton (D:5)
  A kobold zombie (D:5)
  A leopard gecko skeleton (D:4)
  An orc zombie (D:5)
  2 quokka skeletons
  A quokka zombie (D:8)
  10 rats
  9 fungi
  3 plants (D:9)
1419 creatures vanquished.

Vanquished Creatures (collateral kills)
  A vault warden (Vaults:3)
  A flayed ghost (Vaults:3)
  An ironbrand convoker (Vaults:3)
3 creatures vanquished.

Vanquished Creatures (others)
  A troll (Vaults:2)
  A wyvern (D:8)
  3 ufetubi (IceCv)
  A quokka (D:15)
  7 fungi
  2 plants (Lair:6)
15 creatures vanquished.

Grand Total: 1437 creatures vanquished

Notes
Turn   | Place    | Note
-------+----------+-------------------------------------------
     0 | D:1      | KamiKatze the Minotaur Berserker began the quest for the Orb.
     0 | D:1      | Reached XP level 1. HP: 19/19 MP: 0/0
   774 | D:2      | Reached XP level 2. HP: 27/27 MP: 1/1
   785 | D:2      | Reached skill level 4 in Axes
   948 | D:2      | Found a deep blue altar of Sif Muna.
   972 | D:2      | Noticed Jessica
  1113 | D:2      | Killed Jessica
  1113 | D:2      | Reached XP level 3. HP: 31/33 MP: 2/2
  1450 | D:2      | Reached XP level 4. HP: 33/40 MP: 3/3
  1728 | D:3      | Reached skill level 5 in Axes
  1753 | D:2      | Reached ** piety under Trog
  1947 | D:3      | Reached XP level 5. HP: 38/47 MP: 4/4
  1984 | D:3      | Noticed a moth of wrath
  1987 | D:3      | Found a bloodstained altar of Trog.
  2769 | D:4      | Found a staircase to the Ecumenical Temple.
  2786 | D:4      | Found a glowing drain.
  2822 | Sewer    | Entered a sewer
  2864 | Sewer    | Noticed Purgy
  2869 | Sewer    | Killed Purgy
  2869 | Sewer    | Reached skill level 5 in Fighting
  2869 | Sewer    | Reached skill level 6 in Axes
  2869 | Sewer    | Reached XP level 6. HP: 56/56 MP: 5/5
  3079 | Temple   | Entered the Ecumenical Temple
  3314 | D:4      | Reached *** piety under Trog
  3559 | D:4      | Reached XP level 7. HP: 61/61 MP: 6/6
  3769 | D:5      | Entered Level 5 of the Dungeon
  3834 | D:5      | Found a blossoming altar of Fedhas.
  3867 | D:5      | Noticed Htamos's ghost (novice OpWz)
  3955 | D:5      | Reached skill level 7 in Axes
  3987 | D:5      | Killed Htamos's ghost
  3987 | D:5      | Reached skill level 5 in Armour
  4073 | D:5      | Reached XP level 8. HP: 55/70 MP: 7/7
  4207 | D:5      | Reached skill level 8 in Axes
  4253 | D:5      | Reached skill level 5 in Dodging
  4430 | D:5      | Found a glowing golden altar of the Shining One.
  5085 | D:6      | Reached skill level 9 in Axes
  5086 | D:6      | Reached **** piety under Trog
  5269 | D:6      | Found an opulent altar of Gozag.
  5402 | D:6      | Reached XP level 9. HP: 64/79 MP: 8/8
  5485 | D:6      | Found Gozag's Platinum Reserve.
  5498 | D:6      | Found a radiant altar of Vehumet.
  5676 | D:6      | Noticed 3rdEnemy's ghost (novice KoHu)
  5695 | D:6      | Killed 3rdEnemy's ghost
  5695 | D:6      | Reached skill level 10 in Axes
  6711 | D:8      | Reached skill level 11 in Axes
  6797 | D:8      | Reached ***** piety under Trog
  6920 | D:8      | Reached XP level 10. HP: 75/90 MP: 9/9
  7056 | D:8      | Found an iron altar of Okawaru.
  7528 | D:9      | Reached skill level 12 in Axes
  7637 | D:9      | Found a staircase to the Lair.
  8144 | D:9      | Received a gift from Trog
  8200 | D:10     | Entered Level 10 of the Dungeon
  8361 | D:10     | Reached XP level 11. HP: 37/99 MP: 10/10
  8362 | D:10     | Reached skill level 13 in Axes
  8538 | D:10     | Reached skill level 10 in Fighting
  8583 | D:10     | Noticed a three-headed hydra
  8587 | D:10     | Killed a one-headed hydra
  9108 | Lair:1   | Entered Level 1 of the Lair of Beasts
  9120 | Lair:1   | Reached skill level 10 in Armour
  9546 | Lair:1   | Reached skill level 14 in Axes
 10025 | Lair:1   | Received a gift from Trog
 10768 | Lair:2   | Found a dark tunnel.
 10788 | Volcano  | Entered a volcano
 10825 | Volcano  | Reached XP level 12. HP: 105/110 MP: 3/11
 10956 | Lair:2   | Reached skill level 10 in Dodging
 10984 | Lair:2   | Reached ****** piety under Trog
 11052 | Lair:2   | Found a staircase to the Shoals.
 11110 | Lair:2   | Reached skill level 15 in Axes
 11307 | Lair:2   | Noticed a queen ant
 11350 | Lair:2   | Killed a queen ant
 11367 | Lair:2   | Received a gift from Trog
 11582 | Lair:3   | Noticed Rupert
 11594 | Lair:3   | Killed Rupert
 11640 | Lair:3   | Noticed Urug
 11660 | Lair:3   | Killed Urug
 11666 | Lair:3   | Noticed Gastronok
 11709 | Lair:3   | Killed Gastronok
 11766 | Lair:3   | Noticed Fannar
 11778 | Lair:3   | Killed Fannar
 11778 | Lair:3   | Reached skill level 16 in Axes
 11844 | Lair:3   | Found a labyrinth entrance.
 11862 | Lab      | Entered a labyrinth
 12026 | Lab      | Noticed a minotaur
 12031 | Lab      | Killed a minotaur
 12075 | Lair:3   | Reached XP level 13. HP: 79/118 MP: 4/12
 12275 | Lair:3   | Noticed Nergalle
 12288 | Lair:3   | Killed Nergalle
 12399 | Lair:3   | Found a staircase to the Snake Pit.
 12480 | Lair:3   | Found a snail-covered altar of Cheibriados.
 13057 | Lair:4   | Received a gift from Trog
 13857 | Lair:5   | Reached skill level 17 in Axes
 14156 | Lair:5   | Noticed Kirke
 14169 | Lair:5   | Killed Kirke
 14649 | Lair:6   | Entered Level 6 of the Lair of Beasts
 15040 | Lair:6   | Received a gift from Trog
 15252 | Lair:6   | Reached XP level 14. HP: 128/129 MP: 4/13
 15848 | Lair:6   | Found a staircase to the Slime Pits.
 16106 | Lair:6   | Reached skill level 18 in Axes
 16546 | Lair:6   | Got a sparkling platinum ring
 16882 | Lair:1   | Identified the ring "Ibiotz" {Wiz rF+ SInv} (You found it on level 6 of the Lair of Beasts)
 16922 | D:11     | Noticed Naridas's ghost (journeyman FoFi)
 16949 | D:11     | Killed Naridas's ghost
 16969 | D:11     | Found a burning altar of Makhleb.
 17275 | D:11     | Received a gift from Trog
 17322 | D:11     | Found a staircase to the Orcish Mines.
 17444 | Orc:1    | Entered Level 1 of the Orcish Mines
 17520 | Orc:1    | Noticed an orc warlord
 17537 | Orc:1    | Killed an orc warlord
 17592 | Orc:1    | Received a gift from Trog
 17613 | Orc:1    | Got a crude executioner's axe {god gift}
 17645 | Orc:1    | Identified the +5 executioner's axe "Dengoss" {flame, +Rage rN+ MR+ Stlth-} (Trog gifted it to you on level 1 of the Orcish Mines)
 17833 | Orc:2    | Entered Level 2 of the Orcish Mines
 17906 | Orc:2    | Found Hawn's Armour Shop.
 17917 | Orc:2    | Noticed an orc warlord
 17957 | Orc:2    | Killed an orc warlord
 17957 | Orc:2    | Received a gift from Trog
 17957 | Orc:2    | Reached skill level 19 in Axes
 18531 | Orc:2    | Reached XP level 15. HP: 99/139 MP: 4/14
 18873 | Orc:2    | Found Ugro's Gadget Shoppe.
 18874 | Orc:2    | Found Etirusotz's Magic Scroll Shop.
 18932 | Orc:2    | Found Zouz's Weapon Boutique.
 18944 | Orc:2    | Found a runed door.
 19210 | Orc:1    | Found Reoroud's Magic Scroll Emporium.
 19220 | Orc:1    | Bought a scroll of random uselessness for 15 gold pieces
 19220 | Orc:1    | Bought a scroll of acquirement for 780 gold pieces
 19234 | Orc:1    | Noticed an orc warlord
 19252 | Orc:1    | Killed an orc warlord
 19343 | Orc:1    | Found a roughly hewn altar of Beogh.
 19490 | Orc:1    | Found the +15 Maxwell's patent armour {-Cast -Tele rElec MR+ rCorr}
 19636 | Orc:1    | Found a roughly hewn altar of Beogh.
 19643 | Orc:1    | Received a gift from Trog
 20228 | Orc:2    | Found the +10 large shield of Ignorance {rN+ Int-4}
 20256 | Orc:2    | Found a runed door.
 20412 | Orc:2    | Found a burning altar of Makhleb.
 20446 | Orc:2    | Found a staircase to the Elven Halls.
 20485 | Orc:2    | Noticed Josephine
 20492 | Orc:2    | Killed Josephine
 21015 | D:12     | Noticed Erolcha
 21034 | D:12     | Killed Erolcha
 22251 | D:13     | Received a gift from Trog
 22297 | D:13     | Found an opulent altar of Gozag.
 22393 | D:13     | Reached skill level 15 in Fighting
 22965 | D:13     | Noticed Frances
 22978 | D:13     | Killed Frances
 23184 | D:13     | Reached skill level 20 in Axes
 23488 | D:13     | Reached skill level 15 in Armour
 23574 | D:13     | Found a gate to the Vaults.
 23716 | D:14     | Noticed Gunterle's ghost (journeyman OpFi)
 23757 | D:14     | Killed Gunterle's ghost
 24188 | D:14     | Reached XP level 16. HP: 65/149 MP: 5/15
 24363 | D:14     | Noticed LittCuttTap's ghost (journeyman MiBe)
 24406 | D:14     | Found a huge runed gate.
 24407 | D:14     | Found a huge runed gate.
 24407 | D:14     | Found a huge runed gate.
 24407 | D:14     | Found a huge runed gate.
 24451 | D:14     | Killed LittCuttTap's ghost
 24600 | D:14     | Received a gift from Trog
 25023 | D:15     | Entered Level 15 of the Dungeon
 25791 | D:15     | Found a burning altar of Makhleb.
 25837 | D:15     | Received a gift from Trog
 25847 | D:15     | Found a white marble altar of Elyvilon.
 26075 | D:15     | Reached skill level 21 in Axes
 26324 | D:15     | Found a staircase to the Depths.
 26690 | Snake:1  | Entered Level 1 of the Snake Pit
 27563 | Snake:1  | Received a gift from Trog
 27901 | Snake:1  | Reached skill level 15 in Dodging
 28116 | Snake:1  | Found a radiant altar of Vehumet.
 28166 | Snake:1  | Reached XP level 17. HP: 115/159 MP: 16/16
 28865 | Snake:2  | Found a frozen archway.
 28874 | IceCv    | Entered an ice cave
 29059 | IceCv    | Received a gift from Trog
 29680 | Snake:2  | Reached skill level 22 in Axes
 31008 | Snake:4  | Entered Level 4 of the Snake Pit
 31073 | Snake:4  | Received a gift from Trog
 31375 | Snake:4  | Got a transparent chain mail
 31412 | Snake:4  | Identified the +2 chain mail of Supple Strength {rF+} (You found it on level 4 of the Snake Pit)
 32925 | Snake:4  | Received a gift from Trog
 33757 | Snake:4  | Reached XP level 18. HP: 110/170 MP: 17/17
 34018 | Snake:4  | Got a serpentine rune of Zot
 34329 | Vaults:1 | Entered Level 1 of the Vaults
 34495 | Vaults:1 | Reached skill level 23 in Axes
 34517 | Vaults:1 | Got a slimy flail
 34518 | Vaults:1 | Identified the +5 flail "Gifysk" {freeze, rC+ Int+4 Dex+2} (You found it on level 1 of the Vaults)
 34720 | Vaults:1 | Received a gift from Trog
 35740 | Vaults:1 | Received a gift from Trog
 35873 | Vaults:1 | HP: 5/171 [vault warden/great sword of electrocution (18)]
 36196 | Vaults:1 | Found Tuwaex's Gadget Boutique.
 36876 | Vaults:2 | Received a gift from Trog
 37103 | Vaults:2 | Reached XP level 19. HP: 147/179 MP: 18/18
 37185 | Vaults:2 | Reached skill level 24 in Axes
 37643 | Vaults:2 | Received a gift from Trog
 38203 | Vaults:3 | Found a staircase to the Crypt.
 38203 | Vaults:3 | Found a basalt altar of Yredelemnul.
 38204 | Vaults:3 | Found an ancient bone altar of Kikubaaqudgha.
 38450 | Vaults:3 | HP: 6/181 [wolf spider (13)]
 38450 | Vaults:3 | Slain by a frost giant

Skill      XL: |  1  2  3  4  5  6  7  8  9 10 11 12 13 14 15 16 17 18 19 |
---------------+----------------------------------------------------------+-----
Axes           | 4 5 6 7 9 11 12 14 16 17 19 20 21 22 23 24 | 24.6
Fighting       | 4 5 6 7 8 9 11 12 13 14 15 16 17 18 | 18.7
Armour         | 3 4 5 6 8 9 10 11 13 14 15 16 17 18 | 18.6
Dodging        | 3 4 6 7 8 9 11 12 13 14 15 16 17 | 17.2

Action                   |  1- 3 |  4- 6 |  7- 9 | 10-12 | 13-15 | 16-18 | 19-21 || total
-------------------------+-------+-------+-------+-------+-------+-------+-------++-------
Melee: Hand axe          |    54 |   189 |   380 |    62 |       |       |       ||   685
       Headbutt          |     8 |    34 |    75 |   169 |   298 |   277 |    54 ||   915
       War axe           |       |       |       |   443 |       |       |       ||   443
       Falchion          |       |       |       |     8 |    39 |    23 |       ||    70
       Battleaxe         |       |       |       |   165 |  1154 |   288 |       ||  1607
       Executioner's axe |       |       |       |       |       |   897 |   212 ||  1109
Throw: Stone             |     3 |     3 |     5 |     4 |       |       |       ||    15
       Throwing net      |       |       |       |     1 |       |       |       ||     1
       Javelin           |       |       |       |     1 |     7 |     1 |       ||     9
Invok: Berserk           |     2 |     1 |     4 |     4 |     8 |     3 |     1 ||    23
       Trog's Hand       |       |     1 |     1 |     2 |     3 |     9 |     2 ||    18
       Burn Spellbooks   |       |       |       |     1 |     2 |     3 |     1 ||     7
       Brothers in Arms  |       |       |       |       |       |       |     2 ||     2
Evoke: Wand              |       |       |       |       |     5 |     4 |       ||     9
  Use: Scroll            |       |     6 |     3 |     7 |    15 |     8 |     2 ||    41
       Potion            |       |       |       |     3 |     1 |     5 |     2 ||    11
 Stab: Distracted        |       |       |       |       |     2 |       |       ||     2
  Eat: Chunk             |     3 |     9 |    17 |    20 |    48 |    25 |     5 ||   127
       Ration            |       |       |     1 |     1 |       |     7 |       ||     9
Armor: Leather armour    |    14 |       |       |       |       |       |       ||    14
       Ring mail         |     7 |    31 |       |       |       |       |       ||    38
       Scale mail        |       |    18 |    53 |       |       |       |       ||    71
       Troll leather arm |       |     7 |     1 |       |       |       |       ||     8
       Chain mail        |       |       |    79 |       |       |   102 |       ||   181
       Plate armour      |       |       |     7 |   369 |   545 |   496 |    92 ||  1509
Dodge: Dodged            |    33 |   117 |   161 |   428 |   616 |   713 |   100 ||  2168
       Rpst.: Falchion   |       |       |       |       |     5 |     2 |       ||     7
